 Dungeon Crawl Stone Soup version 0.24-a0-493-g7e4ddcd485 (webtiles) character file.

Game seed: 12528089040802603297

826 Azzok the Firebug (level 7, -4/46 HPs)
             Began as a Demonspawn Fire Elementalist on July 12, 2019.
             Was a Follower of Vehumet.
             Killed by divine providence
             ... invoked by an orc priest
              (13 damage)
             ... on level 4 of the Dungeon.
             The game lasted 00:06:28 (5071 turns).

Azzok the Firebug (Demonspawn Fire Elementalist)    Turns: 5071, Time: 00:06:29

Health: -4/46      AC:  5    Str:  8    XL:     7   Next: 64%
Magic:  0/14       EV: 27    Int: 19    God:    Vehumet [*.....]
Gold:   150        SH:  0    Dex: 13    Spells: 7/15 levels left

rFire    . . .     SeeInvis .   e - +0 dagger (elec)
rCold    + . .     Gourm    .   (no shield)
rNeg     . . .     Faith    .   m - +1 robe {rC+}
rPois    .         Spirit   +   (helmet restricted)
rElec    .         Reflect  .   (no cloak)
rCorr    .         Harm     .   (no gloves)
MR       .....                  (no boots)
Stlth    ++........             f - amulet of the acrobat
HPRegen  0.15/turn              (no ring)
MPRegen  0.28/turn              (no ring)

@: acrobat, very slightly contaminated
A: horns 1, slimy green scales 1, magic shield, magic regeneration
a: Renounce Religion


You were on level 4 of the Dungeon.
You worshipped Vehumet.
Vehumet was aware of your devotion.
You were not hungry.

You visited 1 branch of the dungeon, and saw 4 of its levels.

You collected 150 gold pieces.

Inventory:

Hand Weapons
 e - a +0 dagger of electrocution (weapon)
Armour
 m - a +1 robe of cold resistance (worn)
Jewellery
 f - an amulet of the acrobat (around neck)
Wands
 k - a wand of random effects (8)
 l - a wand of enslavement (5)
Scrolls
 a - a scroll of identify
 d - a scroll of remove curse
 o - a scroll of fog
 p - 4 scrolls of teleportation {unknown}
 r - a scroll of amnesia {unknown}
Potions
 b - a potion of might
 g - a potion of mutation {!q}
 h - 3 potions of curing
 j - a potion of lignification
 n - a potion of degeneration {unknown}
 q - a potion of brilliance {unknown}
Comestibles
 c - 6 rations
 i - a chunk of flesh


   Skills:
 - Level 1.7 Dodging
 - Level 1.7 Stealth
 + Level 4.9 Spellcasting
 + Level 4.9 Conjurations
 + Level 5.2 Fire Magic


You had 7 spell levels left.
You knew the following spells:

 Your Spells              Type           Power        Failure   Level  Hunger
a - Flame Tongue          Conj/Fire      ###..        1%          1    None
b - Conjure Flame         Conj/Fire      ###.....     4%          3    ##.....
c - Sticky Flame          Conj/Fire      ###.....     16%         4    ####...

Your spell library contained the following spells:

 Spells                   Type           Power        Failure   Level  Hunger
 Freeze                   Ice            #...         13%         1    None
 Throw Flame              Conj/Fire      ###...       2%          2    #......
 Inner Flame              Hex/Fire       ##......     13%         3    ##.....
 Fireball                 Conj/Fire      ###.......   38%         5    ######.


Dungeon Overview and Level Annotations

Branches:
Dungeon (4/15)
 Temple: D:4-7

Altars:
Hepliaklqana
Okawaru
Sif Muna
Uskayaw
Vehumet


Innate Abilities, Weirdness & Mutations

You have a pair of small horns on your head.
You are partially covered in slimy green scales. (AC +2)
When hurt, damage is shared between your health and your magic reserves.
You regenerate magic rapidly.


Message History

Casting: Sticky Flame (slightly dangerous; 16% risk of failure)
Confirm with . or Enter, or press ? or * to list all spells.
Aiming: Sticky Flame (slightly dangerous; 16% risk of failure)
Press: ? - help, Shift-Dir - straight line, f - iguana
Aim: an iguana You miscast Sticky Flame.
You are very lightly contaminated with residual magic.
Nothing appears to happen.
* * * LOW MAGIC WARNING * * *
The iguana bites you.
The orc priest calls down the wrath of Beogh upon you.
Beogh smites you!
* * * LOW MAGIC WARNING * * *
The orc priest invokes the aid of Beogh against you.
Beogh smites you!
* * * LOW MAGIC WARNING * * *;
* * * LOW HITPOINT WARNING * * *
The orc priest mumbles some strange prayers to Beogh against you.
Beogh smites you!
* * * LOW MAGIC WARNING * * *
You die...

▒▒▒···········▒▒ ▒········
▒▒▒▒·········▒▒ ▒···<····
▒▒▒▒▒······▒ ▒▒·▒······ ▒
▒▒▒▒▒▒·▒▒▒▒ ▒··▒▒·····
··▒▒▒ ▒····▒▒▒▒▒·▒▒▒▒▒···
·····▒▒ ▒▒▒▒··········▒▒
▒▒▒·
·······▒▒▒▒····▒·▒▒▒▒▒▒··▒▒
▒▒ ···········o··▒▒·P≈▒▒
▒▒··▒▒
·····$··)···s·l@·P≈·▒
▒▒▒·▒▒
········▒▒▒▒··≈P≈P≈P·▒
▒▒·▒▒▒▒ ····))·$▒
▒≈P≈≈≈≈♣≈≈P▒▒▒▒······
·······▒▒
▒PJ♣♣♣♣♣P≈P▒▒········
······· ▒P≈♣ ≈P▒·········
······· ·≈≈≈ PP▒·········
······▒ ▒··≈≈♣ P▒·········
······ ···P≈≈ ▒··········
····≈P· ▒···········


You could see a scorpion, an iguana, an orc priest and an ooze.

Vanquished Creatures
  Sigmund (D:3)
  Eustachio (D:4)
  A bullfrog (D:3)
  A crimson imp (D:4)
  A bullfrog skeleton (D:4)
  3 orc wizards
  2 iguanas
  2 worker ants (D:4)
  A howler monkey zombie (D:3)
  4 gnolls (D:3)
  4 adders
  An ooze (D:4)
  6 worms
  A dart slug (D:2)
  5 leopard geckos
  7 orcs
  A ball python (D:2)
  6 giant cockroaches
  6 goblins
  10 hobgoblins
  11 jackals
  2 quokkas
  7 bats
  9 frilled lizards
  5 kobolds
  9 rats
107 creatures vanquished.

Notes
Turn   | Place    | Note
-------+----------+-------------------------------------------
     0 | D:1      | Azzok the Demonspawn Fire Elementalist began the quest for
                  | the Orb.
     0 | D:1      | Reached XP level 1. HP: 13/13 MP: 3/3
   326 | D:1      | Gained mutation: When hurt, damage is shared between your
                  | health and your magic reserves. [demonic ancestry]
   326 | D:1      | Reached XP level 2. HP: 11/19 MP: 0/5
   881 | D:1      | Reached skill level 3 in Fire Magic
  1524 | D:2      | Gained mutation: You regenerate magic rapidly. [demonic
                  | ancestry]
  1524 | D:2      | Reached XP level 3. HP: 7/24 MP: 0/6
  1847 | D:2      | Learned a level 3 spell: Conjure Flame
  2350 | D:2      | Reached XP level 4. HP: 22/30 MP: 0/8
  2612 | D:2      | Found a radiant altar of Vehumet.
  2613 | D:2      | Found a hide-covered altar of Uskayaw.
  2616 | D:2      | Became a worshipper of Vehumet
  2618 | D:2      | Found a deep blue altar of Sif Muna.
  2620 | D:2      | Found a hazy altar of Hepliaklqana.
  2621 | D:2      | Found an iron altar of Okawaru.
  3011 | D:2      | Learned a level 4 spell: Sticky Flame
  3161 | D:3      | Noticed a bullfrog
  3165 | D:3      | Killed a bullfrog
  3165 | D:3      | Reached XP level 5. HP: 24/35 MP: 2/10
  3298 | D:3      | Noticed Sigmund
  3542 | D:3      | Killed Sigmund
  3542 | D:3      | Reached skill level 4 in Fire Magic
  3542 | D:3      | Gained mutation: You are partially covered in slimy green
                  | scales. (AC +2) [demonic ancestry]
  3542 | D:3      | Reached XP level 6. HP: 31/41 MP: 1/11
  3726 | D:3      | Reached * piety under Vehumet
  3726 | D:3      | Offered knowledge of Freeze by Vehumet.
  4310 | D:4      | Noticed Eustachio
  4321 | D:4      | Killed Eustachio
  4321 | D:4      | Gained mutation: You have a pair of small horns on your
                  | head. [demonic ancestry]
  4321 | D:4      | Reached XP level 7. HP: 34/46 MP: 4/13
  4522 | D:4      | Reached skill level 5 in Fire Magic
  5071 | D:4      | Killed from afar by an orc priest

Levels and vault maps discovered:
D:1:      dpeg_arrival_renting, layout_basic
D:2:      layout_basic, minitemple, minmay_bisected
D:3:      layout_loops_ring, hangedman_abyss_or_decor_stabs, uniq_sigmund
D:4:      minmay_bubble_buster, layout_cave_pods, serial_bayou_pond_c,
          uniq_eustachio

Skill      XL: |  1  2  3  4  5  6  7 |
---------------+----------------------+-----
Fire Magic     | 3 4 5 |  5.2
Conjurations   | 2 3 4 |  4.9
Spellcasting   | 3 4 |  4.9
Dodging        | |  1.7
Stealth        | |  1.7

Action                   |  1- 3 |  4- 6 |  7- 9 || total
-------------------------+-------+-------+-------++-------
Melee: Unarmed           |     9 |    14 |       ||    23
       Dagger            |       |    14 |     1 ||    15
 Cast: Flame Tongue      |    90 |    92 |    37 ||   219
       Sticky Flame      |       |     7 |     6 ||    13
       Conjure Flame     |       |     1 |       ||     1
  Use: Potion            |     1 |       |       ||     1
       Scroll            |     4 |     5 |       ||     9
 Stab: Sleeping          |       |       |     1 ||     1
  Eat: Chunk             |     5 |     7 |     4 ||    16
Armor: Robe              |    16 |    18 |     3 ||    37
       Skin              |     2 |       |       ||     2
Dodge: Dodged            |    58 |    45 |     8 ||   111

Table legend:
 A = Non-vault XP
 B = Vault XP
 C = Vault XP percentage of total XP
 D = Non-vault monster count
 E = Vault monster count
 F = Vault count percentage of total count
                 A         B        C        D         E       F
            +---------+---------+-------+---------+---------+-------
      Total |     605 |     576 |  48.8 |      95 |      12 |  11.2
            +---------+---------+-------+---------+---------+-------
        D:1 |      33 |       0 |   0.0 |      23 |       0 |   0.0
        D:2 |     111 |       3 |   2.6 |      30 |       1 |   3.2
        D:3 |     271 |     223 |  45.1 |      31 |       1 |   3.1
        D:4 |     190 |     350 |  64.8 |      11 |      10 |  47.6
            +---------+---------+-------+---------+---------+-------
